[Event "Team 45 45 League T29"]
[Site "Free Internet Chess Server"]
[Date "2005.12.17"]
[Round "1"]
[White "kosu"]
[Black "GadsHill"]
[Result "0-1"]
[WhiteElo "1620"]
[BlackElo "1686"]
[TimeControl "2700+45"]

1. e4 d6 2. d4 Nf6 3. Nc3 Nbd7 4. Nf3 e5 5. Bg5 Be7 6. Bxf6 Bxf6 7. dxe5 Nxe5 8. Nxe5 Bxe5 9. Bc4 O-O 10. Qd2 c6 11. O-O-O Be6 12. Bb3 Qf6 13. Rhf1 Bf4 14. Qxf4 Qxf4+ 15. Kb1 Bxb3 16. axb3 Rad8 17. f3 f5 18. Ne2 Qh6 19. exf5 Rxf5 20. Nd4 Rf6 21. Rfe1 Qxh2 22. g4 Kf7 23. Re2 Qg3 24. Rde1 Rxf3 25. Re7+ Kf8 26. g5 Rf7 27. R7e3 Qxe3 28. Rxe3 Rf1+ 29. Ka2 Re8 30. Ne6+ Kf7 31. g6+ Kxg6 32. Nf4+ Rxf4 33. Rxe8 Rf7 34. Re6+ Kf5 35. Rxd6 Ke5 36. Rd8 Kf5 37. c4 g5 38. Rd1 Rg7 39. Kb1 h5 40. Rf1+ Kg6 41. Kc1 h4 42. Rg1 Kh5 43. Kd1 g4 44. Rf1 h3 45. Rh1 Kh4 46. Ke1 Rf7 47. Rf1 Rxf1+ 48. Kxf1 g3 49. Kg1 Kg4 50. Kh1 Kf3 51. Kg1 Ke2 52. b4 Kd3 53. b5 Kxc4 54. bxc6 bxc6 55. Kf1 Kb3 56. Kg1 Kxb2   {White resigns} 0-1

[Event "Team 45 45 League T29"]
[Site "Free Internet Chess Server"]
[Date "2005.12.17"]
[Round "1"]
[White "xboard"]
[Black "Bijection"]
[Result "1-0"]
[WhiteElo "1646"]
[BlackElo "1656"]
[TimeControl "2700+45"]

1. e4 c6 2. d4 d5 3. exd5 cxd5 4. c4 Nf6 5. c5 Nc6 6. Nc3 e6 7. Nf3 b6 8. Bb5 Bd7 9. Qa4 Na5 10. c6 Bxc6 11. Bxc6+ Nxc6 12. Qxc6+ Nd7 13. Ne5 Rc8 14. Qa4 Be7 15. Nxd7 Qxd7 16. Qxd7+ Kxd7 17. Be3 Bb4 18. Rc1 Rhe8 19. Kd2 f6 20. Rhe1 e5 21. dxe5 fxe5 22. a3 d4 23. axb4 dxe3+ 24. Kxe3 Rc4 25. Ra1 Rxb4 26. Rxa7+ Kc6 27. Rxg7 Rxb2 28. Rxh7 Rb3 29. Rc1 b5 30. Kd2 Kb6 31. Nd5+ Ka5   {Black resigns} 1-0

[Event "Team 45 45 League T29"]
[Site "Free Internet Chess Server"]
[Date "2005.12.15"]
[Round "1"]
[White "OldFlyer"]
[Black "Armunn"]
[Result "1-0"]
[WhiteElo "1519"]
[BlackElo "1534"]
[TimeControl "2700+45"]

1. d4 d5 2. Bf4 Nf6 3. e3 Bf5 4. Nf3 Nbd7 5. Nbd2 g6 6. c3 Bg7 7. Be2 c5 8. h3 Ne4 9. O-O Qb6 10. Qc1 Qe6 11. g4 Bxg4 12. hxg4 Qxg4+ 13. Kh1 O-O-O 14. Nh2 Qxe2 15. Nxe4 dxe4 16. b4 c4 17. Qa3 e5 18. dxe5 Nxe5 19. Qxa7 Nc6 20. Qa8+ Kd7 21. Qxb7+ Ke6 22. Qxc6+ Kf5 23. Qc5+ Ke6 24. Qc6+ Kf5 25. Qb5+ Ke6 26. Qc6+ Kf5 27. f3 exf3 28. Qxf3 Qxf3+ 29. Nxf3 Bxc3 30. Rab1 Rd7 31. Bh2 Ke4 32. Bf4 Rhd8 33. Ng5+ Kd3 34. Rfd1+ Bd2 35. Nf3 Kc2 36. Nxd2 c3 37. Rdc1+ Kxd2 38. Rd1+ Kc2 39. Rdc1+ Kd3 40. Rd1+ Kc4 41. Rxd7 Rxd7 42. e4 c2 43. Rg1 Rd1 44. Kg2 Kxb4 45. Kf2 Ka3 46. Re1 Kxa2 47. Re2 Kb1 48. e5 c1=Q 49. Bxc1 Rxc1 50. Re4 g5 51. Kg2 h5 52. Rb4+ Kc2 53. Rb7 Re1 54. Re7 Re2+ 55. Kf3 Kd3 56. Rd7+ Kc4 57. Kxe2 g4 58. Rxf7 g3 59. Rg7 h4 60. e6 h3 61. Rxg3 h2 62. Rh3 h1=Q 63. Rxh1   {Black resigns} 1-0

[Event "Team 45 45 League T29"]
[Site "Free Internet Chess Server"]
[Date "2005.12.17"]
[Round "1"]
[White "NovoLook"]
[Black "pedrotlima"]
[Result "0-1"]
[WhiteElo "1518"]
[BlackElo "1495"]
[TimeControl "2700+45"]

1. e4 e5 2. Nf3 Nc6 3. Bc4 Nf6 4. Ng5 d5 5. exd5 Nd4 6. c3 b5 7. Bf1 Nxd5 8. Ne4 Qh4 9. Ng3 Nf5 10. Bxb5+ Kd8 11. Qf3 Nfe7 12. c4 Nb6 13. O-O Qf4 14. Qb3 a6 15. d4 Qh4 16. dxe5 axb5 17. Rd1+ Ke8 18. cxb5 Qc4 19. Qf3 Bg4 20. Qd3 Bxd1 21. Qxd1 Rd8 22. Qe1 Ng6 23. Bg5 Be7 24. Bxe7 Nxe7 25. Nc3 Ned5 26. Rc1 Nxc3 27. Rxc3 Qxa2 28. Rxc7 Qxb2 29. e6 f6 30. Nf5 Rg8 31. Nxg7+ Rxg7 32. Rxg7 f5 33. Rxh7 Ra8 34. Rh8+ Qxh8   {White resigns} 0-1

[Event "Team 45 45 League T29"]
[Site "Free Internet Chess Server"]
[Date "2005.12.17"]
[Round "1"]
[White "Chessface"]
[Black "BlindGregorioo"]
[Result "1-0"]
[WhiteElo "1667"]
[BlackElo "1690"]
[TimeControl "2700+45"]

1. d4 Nf6 2. Nf3 g6 3. Nc3 d5 4. Bf4 Bg7 5. e3 O-O 6. Be2 c6 7. O-O Nbd7 8. Ne5 Nxe5 9. Bxe5 Nd7 10. Bxg7 Kxg7 11. f4 e6 12. Bd3 c5 13. Qf3 cxd4 14. exd4 Qb6 15. Ne2 Qxb2 16. f5 Nf6 17. g4 exf5 18. gxf5 Ne4 19. f6+ Kh8 20. Bxe4 dxe4 21. Qxe4 Bf5 22. Qh4 Qxc2 23. Qh6 Rg8 24. Nf4 Rae8 25. Rac1 Qe4 26. d5 Qd4+ 27. Rf2 Qxf6 28. Rd1 Rd8 29. Nh3 Qg7 30. Qg5 Bxh3 31. Rf6 Be6 32. d6 Rd7 33. Qe5 Rgd8 34. Rd4 Rxd6 35. Rxd6 Rxd6 36. Qxd6 Qxf6 37. Qf8#   {Black checkmated} 1-0

[Event "Team 45 45 League T29"]
[Site "Free Internet Chess Server"]
[Date "2005.12.17"]
[Round "1"]
[White "Cilia"]
[Black "MattBinMi"]
[Result "0-1"]
[WhiteElo "1607"]
[BlackElo "1562"]
[TimeControl "2700+45"]

1. c4 c5 2. g3 Nf6 3. Bg2 d5 4. cxd5 Nxd5 5. e4 Nb4 6. Bf1 N8c6 7. d3 Nd4 8. Na3 e5 9. Bd2 Qa5 10. Rc1 Be7 11. Bg2 O-O 12. Nf3 Nxd3+ 13. Kf1 Qd8 14. Nxd4 Nxc1 15. Qxc1 cxd4 16. Nc4 Qc7 17. f4 exf4 18. Bxf4 Qc5 19. Kf2 Be6 20. b3 Rac8 21. Bf1 b5 22. Bd3 bxc4 23. bxc4 Rfd8 24. Qc2 Bg5 25. Kf3 Bxf4 26. gxf4 Qa3 27. f5 Bxc4 28. Rc1 Qxd3+ 29. Qxd3 Bxd3 30. Rg1 Rc3 31. Kf4 Bb5 32. h4 d3 33. f6 g6 34. h5 d2 35. hxg6 hxg6   {White resigns} 0-1

[Event "Team 45 45 League T29"]
[Site "Free Internet Chess Server"]
[Date "2005.12.18"]
[Round "1"]
[White "wekabird"]
[Black "GBate"]
[Result "0-1"]
[WhiteElo "1446"]
[BlackElo "1540"]
[TimeControl "2700+45"]

1. c4 e5 2. Nc3 f5 3. e4 d6 4. exf5 Bxf5 5. Nf3 Nf6 6. g3 g6 7. Bg2 Nc6 8. a3 Bg7 9. O-O O-O 10. d3 Qe8 11. Nd5 Nxd5 12. cxd5 Ne7 13. Re1 Qd7 14. Qb3 b6 15. Rb1 Bh3 16. Bxh3 Qxh3 17. Ng5 Qd7 18. Ne6 Rf7 19. Nxg7 Kxg7 20. Bg5 Nf5 21. Be3 Nxe3 22. Rxe3 Raf8 23. Rf1 Rf3 24. Rxf3 Rxf3 25. Qd1 Qf5 26. Qe2 Qxd3 27. Qd1 Qxd1 28. Rxd1 a5 29. Rc1 Rf7 30. a4 Kf6 31. Re1 Re7 32. Re4 h6 33. h4 Rg7 34. f4 Re7 35. g4 exf4 36. Rxf4+ Ke5 37. Rf8 Kxd5 38. Rh8 Re4 39. Rxh6 Rxg4+ 40. Kf2 Rxa4 41. Kg3 Re4 42. Rxg6 c6 43. h5 Re7 44. h6 Ke5 45. Kg4 Rf7 46. Rg5+ Ke6 47. Rg7 Rxg7+ 48. Kh5 Rg1 49. h7 a4 50. Kh4 b5 51. Kh3 Rh1+   {White resigns} 0-1

[Event "Team 45 45 League T29"]
[Site "Free Internet Chess Server"]
[Date "2005.12.16"]
[Round "1"]
[White "vandy"]
[Black "Superselector"]
[Result "0-1"]
[WhiteElo "1905"]
[BlackElo "1972"]
[TimeControl "2700+45"]

1. d4 e6 2. c4 Nf6 3. Nc3 d5 4. Bg5 c6 5. e3 Nbd7 6. Nf3 Bb4 7. Be2 Qa5 8. O-O Bxc3 9. bxc3 Qxc3 10. Rc1 Qa5 11. cxd5 exd5 12. Ne5 O-O 13. Nxd7 Nxd7 14. Bg4 f5 15. Bh5 Nf6 16. Bxf6 Rxf6 17. Qb3 g6 18. Bf3 Kg7 19. Rc5 Qd8 20. Rfc1 Qe8 21. a4 b6 22. R5c2 Ba6 23. a5 Bc4 24. Qa4 b5 25. Qb4 Qf8 26. Qxf8+ Kxf8 27. Rb2 Ke7 28. Bd1 Kd6 29. Bb3 Rb8 30. Bxc4 dxc4 31. Rxc4 bxc4 32. Rxb8 c5 33. Rb1 cxd4 34. Rd1 d3 35. Kf1 Kc5 36. Ke1 Ra6 37. Ra1   {White resigns} 0-1

[Event "Team 45 45 League T29"]
[Site "Free Internet Chess Server"]
[Date "2005.12.18"]
[Round "1"]
[White "bahus"]
[Black "Cadger"]
[Result "0-1"]
[WhiteElo "1830"]
[BlackElo "1774"]
[TimeControl "2700+45"]

1. e4 d6 2. d4 g6 3. f4 Bg7 4. Nc3 Nf6 5. Nf3 O-O 6. h3 c5 7. Be3 Nh5 8. g4 Ng3 9. Rg1 cxd4 10. Bxd4 Nxf1 11. Rxf1 Nc6 12. Bxg7 Kxg7 13. Qd3 Qa5 14. O-O-O Kg8 15. Kb1 Rb8 16. f5 b5 17. fxg6 hxg6 18. Nh4 b4 19. Nd5 Ba6 20. Qe3 Bxf1 21. Rxf1 Rb7 22. Qh6 Ne5 23. g5 Qb5 24. Rf6 Qe2 25. b3 Qxe4 26. Rxd6 Rc8 27. Nf6+ exf6 28. Rd8+ Rxd8 29. gxf6 Rd1+   {White resigns} 0-1

[Event "Team 45 45 League T29"]
[Site "Free Internet Chess Server"]
[Date "2005.12.23"]
[Round "1"]
[White "pollock"]
[Black "LLIAMAH"]
[Result "1-0"]
[WhiteElo "1754"]
[BlackElo "1707"]
[TimeControl "2700+45"]

1. e4 e5 2. Nf3 Nc6 3. Bc4 f5 4. d4 exd4 5. O-O fxe4 6. Nxd4 Nf6 7. Nc3 d5 8. Nxd5 Nxd4 9. Qxd4 Bf5 10. Qe5+ Be7 11. Qxf5 Rf8 12. Nxf6+ Rxf6 13. Qxe4 Qd6 14. Bg5 O-O-O 15. Rae1 Bf8 16. Bxf6 Qxf6 17. Qe6+ Kb8 18. Qxf6 gxf6 19. Re6   {Black resigns} 1-0

[Event "Team 45 45 League T29"]
[Site "Free Internet Chess Server"]
[Date "2005.12.18"]
[Round "1"]
[White "AlefZero"]
[Black "BigMarauder"]
[Result "1-0"]
[WhiteElo "2197"]
[BlackElo "1769"]
[TimeControl "2700+45"]

1. e4 c5 2. Nf3 d6 3. d4 cxd4 4. Nxd4 Nf6 5. Nc3 a6 6. f4 e6 7. Qf3 Qb6 8. Nb3 Qc7 9. Be3 Nbd7 10. g4 h6 11. O-O-O b5 12. Bd3 Bb7 13. h4 Nb6 14. f5 Nc4 15. Bxc4 bxc4 16. Nd4 e5 17. Nde2 Be7 18. g5 hxg5 19. hxg5 Rxh1 20. Rxh1 Nd7 21. Rh8+ Nf8 22. Qh5 d5 23. exd5 Bb4 24. Qg4 f6 25. gxf6 gxf6 26. Qg6+ Qf7 27. Ne4 Ke7 28. d6+ Bxd6 29. Qxf7+   {Black resigns} 1-0

[Event "Team 45 45 League T29"]
[Site "Free Internet Chess Server"]
[Date "2005.12.17"]
[Round "1"]
[White "xboard"]
[Black "Mekk"]
[Result "1-0"]
[WhiteElo "1663"]
[BlackElo "1812"]
[TimeControl "2700+45"]

1. e4 e6 2. d4 d5 3. exd5 exd5 4. Bd3 Nf6 5. Ne2 Bd6 6. O-O O-O 7. Nbc3 Bd7 8. Bg5 h6 9. Bxf6 Qxf6 10. Nxd5 Qg5 11. Ndc3 Nc6 12. Ne4 Qd5 13. Nxd6 Qxd6 14. c3 Rae8 15. Re1 f5 16. Qc2 f4 17. Be4 Bg4 18. f3 Bc8 19. Rad1 Ne7 20. Qb3+ Kh8 21. Bxb7 Bxb7 22. Qxb7 Nd5 23. g4 fxg3 24. Nxg3 Rxe1+ 25. Rxe1 Rxf3 26. Qc8+ Kh7 27. Qg4 Rf8 28. Re6 Qd8 29. Qg6+ Kh8 30. Nf5 Nf4 31. Qxg7#   {Black checkmated} 1-0

[Event "Team 45 45 League T29"]
[Site "Free Internet Chess Server"]
[Date "2005.12.20"]
[Round "1"]
[White "PiotrP"]
[Black "Aul"]
[Result "0-1"]
[WhiteElo "1452"]
[BlackElo "1556"]
[TimeControl "2700+45"]

1. e4 g6 2. Nf3 Bg7 3. Bc4 e6 4. h3 Ne7 5. c3 O-O 6. d4 d6 7. Bg5 h6 8. Bh4 Nd7 9. O-O a6 10. a3 b5 11. Ba2 Bb7 12. Nbd2 c5 13. d5 e5 14. c4 g5 15. Bg3 Qb6 16. Rb1 f5 17. h4 g4 18. Ne1 f4 19. Bh2 h5 20. g3 f3 21. Nd3 Nf6 22. cxb5 axb5 23. Ra1 c4 24. Nb4 Qd4 25. Qc2 Bh6 26. Rfd1 Qc5 27. Nf1 Rfc8 28. b3 Rxa3 29. bxc4 Qxb4 30. Rdb1 Qc5 31. Qb2 Nxe4 32. cxb5 Rc3 33. Re1 Rc2 34. Rac1 Qxf2+ 35. Kh1 Qg2#   {White checkmated} 0-1

[Event "Team 45 45 League T29"]
[Site "Free Internet Chess Server"]
[Date "2005.12.20"]
[Round "1"]
[White "tomito"]
[Black "AlefZero"]
[Result "0-1"]
[WhiteElo "1913"]
[BlackElo "2201"]
[TimeControl "2700+45"]

1. d4 e6 2. c4 b6 3. Nc3 Bb7 4. e3 Nf6 5. Nf3 Bb4 6. Bd2 O-O 7. Bd3 d6 8. a3 Bxc3 9. Bxc3 Ne4 10. O-O Nxc3 11. bxc3 Nd7 12. Re1 Qf6 13. e4 e5 14. Qa4 Rfd8 15. Rad1 Nf8 16. Qc2 Ne6 17. Bf1 c5 18. d5 Nf4 19. Kh1 Bc8 20. Ng1 Rf8 21. Re3 Qh6 22. Ne2 Bg4 23. Re1 f5 24. h3 Nxe2 25. Bxe2 f4 26. Rd3 f3 27. Kg1 Rf4 28. Bd1 fxg2 29. Kxg2 Bxd1 30. Qxd1 Raf8 31. Re2 Rf3 32. Rxf3 Rxf3 33. Qh1 Rxc3 34. Qf1 Rxh3   {White resigns} 0-1

[Event "Team 45 45 League T29"]
[Site "Free Internet Chess Server"]
[Date "2005.12.16"]
[Round "1"]
[White "Zupa"]
[Black "nimzovit"]
[Result "1-0"]
[WhiteElo "2073"]
[BlackElo "1893"]
[TimeControl "2700+45"]

1. e4 g6 2. d4 Bg7 3. Nc3 d6 4. Be3 a6 5. Qd2 b5 6. O-O-O Nd7 7. h4 h6 8. h5 g5 9. f4 f6 10. Nf3 Bb7 11. d5 c6 12. Nd4 Nf8 13. dxc6 Bc8 14. f5 Qa5 15. Kb1 Rb8 16. g4 Qc7 17. Nd5   {Black resigns} 1-0

[Event "Team 45 45 League T29"]
[Site "Free Internet Chess Server"]
[Date "2005.12.17"]
[Round "1"]
[White "Gnam"]
[Black "trener"]
[Result "1-0"]
[WhiteElo "1849"]
[BlackElo "1821"]
[TimeControl "2700+45"]

1. e4 c5 2. Nc3 Nc6 3. g3 g6 4. Bg2 Bg7 5. d3 e6 6. f4 d6 7. Nf3 Nge7 8. O-O O-O 9. Rb1 Rb8 10. a3 b5 11. Ne2 d5 12. e5 f6 13. d4 fxe5 14. dxe5 Nf5 15. g4 Nh4 16. Nxh4 Qxh4 17. Ng3 g5 18. Bxd5 gxf4 19. Rxf4 Nxe5 20. Nf5 Rxf5 21. gxf5 Qg5+ 22. Bg2 Bb7 23. Rf2 Qh4 24. Bf4 Ng4 25. Bg3 Nxf2 26. Qd6 Rd8 27. Qxe6+   {Black resigns} 1-0

[Event "Team 45 45 League T29"]
[Site "Free Internet Chess Server"]
[Date "2005.12.17"]
[Round "1"]
[White "PGierech"]
[Black "danijelo"]
[Result "1/2-1/2"]
[WhiteElo "1770"]
[BlackElo "1828"]
[TimeControl "2700+45"]

1. e4 c6 2. d4 d5 3. exd5 cxd5 4. c3 Nf6 5. Nf3 Bf5 6. Bb5+ Nbd7 7. Bf4 e6 8. Nbd2 Be7 9. Nh4 Bg4 10. f3 Bh5 11. O-O a6 12. Bd3 Ng8 13. g4 Bxh4 14. gxh5 Ngf6 15. h6 gxh6 16. Bxh6 Rg8+ 17. Kh1 Qc7 18. Rg1 O-O-O 19. Qe2 Nh5 20. Qe3 Ndf6 21. Be2 Rg6 22. Bd3 Rgg8 23. c4 Kb8 24. Rxg8 Rxg8 25. Rg1 Rxg1+ 26. Qxg1 Nf4 27. Bxh7 Nxh7 28. Qg8+ Ka7 29. Qxh7 dxc4 30. Qe4 Ng6 31. d5 exd5 32. Be3+ b6 33. Qxd5 Ne5 34. Bf4 f6 35. Bxe5 fxe5 36. Nxc4 Bf2 37. a4 Qg7 38. Qd1 a5 39. Qf1 Bd4 40. b3 Qg6 41. Na3 Qe6 42. Nb5+ Kb7 43. Qc4 Qxc4 44. Nd6+ Kc6 45. Nxc4 Kc5 46. Kg2 Kb4 47. Nd2 Kc3 48. Nf1 Kxb3 49. h4 Kxa4 50. h5 b5 51. h6 b4 52. Nd2 b3 53. Ne4 b2 54. Nd2 e4 55. fxe4 Ka3 56. Kf3 Ka2 57. Ke2 b1=Q 58. Nxb1 Kxb1 59. Kd3 Be5 60. Kc4 Kc2 61. Kb5 Kd3 62. Kxa5 Kxe4 63. Kb6 Ba1   {Game drawn by mutual agreement} 1/2-1/2

[Event "Team 45 45 League T29"]
[Site "Free Internet Chess Server"]
[Date "2005.12.18"]
[Round "1"]
[White "wester"]
[Black "zota"]
[Result "1/2-1/2"]
[WhiteElo "1947"]
[BlackElo "1975"]
[TimeControl "2700+45"]

1. d4 Nf6 2. c4 e6 3. Nc3 d5 4. Bg5 Be7 5. e3 h6 6. Bh4 O-O 7. Nf3 Nbd7 8. Qc2 c6 9. Rd1 dxc4 10. Bxc4 Nd5 11. Bg3 Qa5 12. O-O Nxc3 13. bxc3 c5 14. e4 Nb6 15. Be2 Bd7 16. Rb1 Rac8 17. Qd3 cxd4 18. cxd4 Rc3 19. Qd2 Rfc8 20. Ne5 Ba4 21. Qf4 Bf6 22. Bh5 Be8 23. Qd2 Bxe5 24. Bxe5 Nc4 25. Qf4 Nxe5 26. dxe5 Qc7   {Game drawn by mutual agreement} 1/2-1/2

[Event "Team 45 45 League T29"]
[Site "Free Internet Chess Server"]
[Date "2005.12.17"]
[Round "1"]
[White "RoZa"]
[Black "noHz"]
[Result "1-0"]
[WhiteElo "1877"]
[BlackElo "1863"]
[TimeControl "2700+45"]

1. f4 d5 2. Nf3 Nf6 3. e3 c5 4. b3 Nc6 5. Bb2 e6 6. g3 Bd6 7. Bg2 O-O 8. O-O b6 9. Nc3 Bb7 10. Ne2 Re8 11. d3 h6 12. h3 e5 13. Qd2 Qe7 14. Rae1 Rad8 15. fxe5 Nxe5 16. Nxe5 Bxe5 17. d4 Bd6 18. Nf4 Ne4 19. Bxe4 Qxe4 20. Qg2 Qe7 21. Qf2 Qd7 22. Nh5 Ba6 23. Nxg7 Rf8 24. Qf6 Qxh3 25. Nf5   {Black resigns} 1-0

[Event "Team 45 45 League T29"]
[Site "Free Internet Chess Server"]
[Date "2005.12.17"]
[Round "1"]
[White "Vzevolodovitch"]
[Black "fledermaus"]
[Result "0-1"]
[WhiteElo "1737"]
[BlackElo "1909"]
[TimeControl "2700+45"]

1. e4 Nf6 2. e5 Nd5 3. d4 d6 4. c4 Nb6 5. f4 dxe5 6. fxe5 c5 7. d5 e6 8. d6 Qh4+ 9. Kd2 Qf4+ 10. Kc2 Qxe5 11. Nf3 Qxd6 12. Bd3 Nc6 13. a3 Be7 14. Nc3 e5 15. Ne4 Qc7 16. Nc3 Be6 17. b3 O-O 18. Qe2 f5 19. Bg5 Bxg5 20. Nxg5 Nd4+   {White resigns} 0-1

[Event "Team 45 45 League T29"]
[Site "Free Internet Chess Server"]
[Date "2005.12.17"]
[Round "1"]
[White "dieZonZice"]
[Black "atilano"]
[Result "1-0"]
[WhiteElo "2098"]
[BlackElo "2042"]
[TimeControl "2700+45"]

1. e4 c5 2. Nf3 Nc6 3. d4 cxd4 4. Nxd4 Nf6 5. Nc3 d6 6. Bg5 Bd7 7. Qd2 Rc8 8. Be2 Nxd4 9. Qxd4 Qa5 10. Bd2 e5 11. Qd3 a6 12. Nd5 Qd8 13. Bg5 Be6 14. Bxf6 gxf6 15. c3 Rc5 16. b4 Rc6 17. b5 Rc5 18. bxa6 f5 19. axb7 fxe4 20. Nf6+ Ke7 21. Nxe4 Rd5 22. Qa6 Bh6 23. Rb1 Qc7 24. O-O f5 25. Bc4 fxe4 26. Bxd5 Bxd5 27. Qb5 Bc4 28. b8=Q Rxb8 29. Qxb8 Qxb8 30. Rxb8 e3 31. Rb7+ Kd8 32. Rxh7 e2 33. Rb1   {Black resigns} 1-0

[Event "Team 45 45 League T29"]
[Site "Free Internet Chess Server"]
[Date "2005.12.18"]
[Round "1"]
[White "Amauta"]
[Black "HotDonut"]
[Result "1-0"]
[WhiteElo "1849"]
[BlackElo "1954"]
[TimeControl "2700+45"]

1. e4 c6 2. f4 d5 3. e5 Bf5 4. Nf3 e6 5. Be2 Bc5 6. d4 Bb6 7. O-O Ne7 8. c3 O-O 9. Nbd2 c5 10. dxc5 Bxc5+ 11. Kh1 Nbc6 12. b4 Bb6 13. Nb3 Bg4 14. h3 Bxf3 15. Bxf3 Nf5 16. Qe1 Rc8 17. g4 Nh4 18. Be3 Nxf3 19. Rxf3 Bc7 20. b5 Na5 21. Nxa5 Bxa5 22. Bd4 Rc4 23. Qg3 Bb6 24. f5 Bxd4 25. cxd4 Rxd4 26. f6 Re4 27. Re1 Rxe1+ 28. Qxe1 d4 29. Qe4 Qb6 30. fxg7 Kxg7 31. Rf6 Qxb5 32. Qxd4 Qd5+ 33. Qxd5 exd5 34. Rd6 Rc8 35. Rxd5 Rc1+ 36. Kg2 Rc2+ 37. Kg3 Rxa2 38. Rd7 b5 39. e6 a5 40. Rxf7+ Kg8 41. Kf3 Ra3+ 42. Kf4 Rxh3 43. Rf5 Rh1 44. Rxb5 Re1 45. Kf5 Kg7 46. Rxa5 Rf1+ 47. Ke5 Re1+ 48. Kd6 Rd1+ 49. Rd5 Ra1 50. e7 Ra6+ 51. Kd7 Ra7+ 52. Ke6 Ra6+ 53. Rd6 Ra8 54. Rd8 Ra6+ 55. Kd5 Ra5+ 56. Ke4   {Black resigns} 1-0

[Event "Team 45 45 League T29"]
[Site "Free Internet Chess Server"]
[Date "2005.12.17"]
[Round "1"]
[White "Nemisis"]
[Black "hugozver"]
[Result "1/2-1/2"]
[WhiteElo "1871"]
[BlackElo "1799"]
[TimeControl "2700+45"]

1. e4 Nf6 2. d3 d5 3. e5 Nfd7 4. f4 e6 5. Nf3 c5 6. g3 Nc6 7. Qe2 Be7 8. Bg2 O-O 9. Nbd2 f6 10. exf6 Nxf6 11. Bh3 Qd6 12. O-O Ne8 13. c3 Bf6 14. a4 b6 15. Nb3 a5 16. Re1 Nc7 17. Bd2 Bd7 18. d4 Kh8 19. Be3 c4 20. Nbd2 Rae8 21. Ne5 Ne7 22. Ndf3 Nf5 23. g4 Nxe3 24. Qxe3 g6 25. Rf1 Bg7 26. Ng5 Bxe5 27. fxe5 Qe7 28. Bg2 Rxf1+ 29. Bxf1 Rf8 30. Be2 h6 31. Nf3 Kg7 32. Bd1 Qf7 33. Kg2 Qf4 34. Qxf4 Rxf4 35. Kg3 g5 36. Bc2 Rf8 37. Rf1 Be8 38. Rf2 Bg6 39. Bxg6 Kxg6 40. h4 Rf7 41. h5+ Kg7 42. Nd2 Rxf2 43. Kxf2 b5 44. axb5 Nxb5 45. Ke2 a4 46. Nb1 Kf7 47. Kd2 Ke7 48. Kc2 Kd7 49. Nd2 Ke7 50. Kb1 Kf7 51. Ka2 Ke7 52. Nb1 Kf7 53. Na3 Nc7 54. Nc2 Nb5 55. Na3 Nc7 56. Nc2 Nb5 57. Nb4 Ke7 58. Na6 a3 59. Nc5 axb2 60. Kxb2 Kf7 61. Na6 Ke7 62. Nb4 Kd7 63. Nc2 Ke7 64. Na3 Nc7 65. Ka2 Kd7 66. Nc2 Nb5 67. Kb2 Ke7 68. Nb4 Kd7 69. Na6 Ke7 70. Nc5 Kf7 71. Nd7 Ke7 72. Nf6 Kf7 73. Kc2 Na3+ 74. Kb2 Nb5 75. Nh7 Kg7 76. Nf6 Kf7 77. Nd7 Ke7 78. Nf6 Kf7 79. Kc2 Na3+ 80. Kd2 Nb5 81. Nd7 Ke7 82. Nc5 Kf7 83. Kc2 Na3+ 84. Kb2 Nb5 85. Na4 Ke7 86. Nb6 Kd8 87. Na4 Ke7 88. Nc5 Kf7 89. Na6 Ke7 90. Nb4 Kf7 91. Nc2 Ke7 92. Na3 Nc7 93. Kc2 Kf7 94. Kd2 Ke7   {Game drawn by mutual agreement} 1/2-1/2

[Event "Team 45 45 League T29"]
[Site "Free Internet Chess Server"]
[Date "2005.12.17"]
[Round "1"]
[White "RomaLavrn"]
[Black "tjraczko"]
[Result "1-0"]
[WhiteElo "1877"]
[BlackElo "1575"]
[TimeControl "2700+45"]

1. Nf3 d5 2. d4 Nf6 3. c4 dxc4 4. e3 e6 5. Bxc4 c5 6. O-O Nc6 7. Nc3 a6 8. a3 Be7 9. dxc5 Qxd1 10. Rxd1 Bxc5 11. b4 Be7 12. Bb2 O-O 13. e4 e5 14. h3 b5 15. Ba2 Bb7 16. Nd5 Nxe4 17. Nxe7+ Nxe7 18. Rd7   {Black resigns} 1-0

[Event "Team 45 45 League T29"]
[Site "Free Internet Chess Server"]
[Date "2005.12.16"]
[Round "1"]
[White "couv"]
[Black "jjgsmm"]
[Result "0-1"]
[WhiteElo "1584"]
[BlackElo "1655"]
[TimeControl "2700+45"]

1. d4 d5 2. e3 e6 3. Bd3 Nc6 4. c3 Nf6 5. Nd2 e5 6. Ne2 e4 7. Bb5 Bd7 8. c4 a6 9. Ba4 Nb4 10. Bb3 Nd3+ 11. Kf1 Ng4 12. cxd5 Ngxf2 13. Qc2 Nxh1 14. Nxe4 Nb4 15. Qc4 b5 16. Qc3 Bf5 17. Nc5 Nxd5 18. Bxd5 Qxd5 19. Nf4 Qc6 20. Kg1 Ng3 21. hxg3 Bxc5 22. dxc5 O-O 23. b4 Bg4 24. Bb2 f6 25. Qb3+ Kh8 26. Re1 Qe4 27. Bd4 Rfd8 28. Rf1 c6 29. Rf2 a5 30. Qf7 Rf8 31. Qc7 axb4 32. Qd6 Kg8 33. Kh2 Rac8 34. Rb2 Rfd8   {White resigns} 0-1

[Event "Team 45 45 League T29"]
[Site "Free Internet Chess Server"]
[Date "2005.12.18"]
[Round "1"]
[White "TedR"]
[Black "Lamtarra"]
[Result "0-1"]
[WhiteElo "1560"]
[BlackElo "1581"]
[TimeControl "2700+45"]

1. d4 d6 2. Nf3 Nf6 3. c4 g6 4. Nc3 Bg7 5. Bg5 Nbd7 6. e3 O-O 7. Bd3 c5 8. d5 Nb6 9. O-O Bd7 10. Rb1 Qc8 11. h3 Rb8 12. Re1 e6 13. dxe6 Bxe6 14. b3 d5 15. cxd5 Bxd5 16. Nxd5 Nbxd5 17. Qd2 Nd7 18. Rbc1 N5f6 19. Bf4 Ra8 20. Ne5 Rd8 21. Nxd7 Qxd7 22. Red1 Ne4 23. Qe2 Nc3 24. Rxc3 Bxc3 25. Bg5 f6 26. Bf4 Kg7 27. Qc2 Be5 28. Be2 Qc7 29. Bxe5 Qxe5 30. Bf3 Rab8 31. Rc1 b6 32. Qc4 f5 33. g4 Rd2 34. Rd1 Rxd1+ 35. Bxd1 Qa1 36. gxf5 Qxd1+ 37. Kg2 gxf5 38. Qe6 Rf8 39. Qe7+ Rf7 40. Qg5+ Kf8 41. Qh6+ Ke7 42. Qg5+ Ke6 43. Qh6+ Rf6 44. Qxh7 Qd5+ 45. Kh2 Qd7 46. Qg8+ Rf7 47. Qg6+ Rf6 48. Qg8+ Qf7 49. Qc8+ Qd7 50. Qg8+ Rf7 51. Qg6+ Ke5 52. f4+ Ke4 53. Qg2+ Kxe3 54. Qg3+ Ke4 55. Qe1+ Kxf4 56. Qg3+ Ke4 57. Qe1+ Kd5 58. Qd2+ Ke6 59. Qe3+ Kf6 60. Qh6+ Ke7 61. Qe3+ Qe6 62. Qg5+ Rf6 63. Qg7+ Qf7 64. Qg5 f4 65. Qe5+ Re6 66. Qc7+ Kf6 67. Qd8+ Kg7 68. Qg5+ Rg6 69. Qe5+ Kh7 70. Qh5+ Kg7 71. Qe5+ Qf6 72. Qc7+ Kh6   {White resigns} 0-1

[Event "Team 45 45 League T29"]
[Site "Free Internet Chess Server"]
[Date "2005.12.18"]
[Round "1"]
[White "byrdman"]
[Black "MegaSkins"]
[Result "1-0"]
[WhiteElo "1496"]
[BlackElo "1371"]
[TimeControl "2700+45"]

1. e4 d6 2. d4 Nf6 3. Nc3 g6 4. f4 Bg7 5. Nf3 O-O 6. Bc4 c6 7. O-O b5 8. Bd3 b4 9. Ne2 Bg4 10. c3 bxc3 11. bxc3 Nbd7 12. Ng3 e5 13. Be2 Re8 14. dxe5 dxe5 15. f5 Nc5 16. fxg6 Qxd1 17. gxf7+ Kh8 18. fxe8=Q+ Rxe8 19. Rxd1 Ncxe4 20. Nxe4 Nxe4 21. Bb2   {Black resigns} 1-0

[Event "Team 45 45 League T29"]
[Site "Free Internet Chess Server"]
[Date "2005.12.24"]
[Round "1"]
[White "LLIAMAH"]
[Black "Galleta"]
[Result "1/2-1/2"]
[WhiteElo "1700"]
[BlackElo "1609"]
[TimeControl "2700+45"]

1. e4 d6 2. Nf3 e5 3. d4 exd4 4. Nxd4 Nf6 5. Nc3 g6 6. Bg5 Be7 7. Be2 c5 8. Ndb5 a6 9. Bxf6 Bxf6 10. Nxd6+ Kf8 11. Nxc8 Qxc8 12. Nd5 Qc6 13. c3 Kg7 14. O-O b5 15. Qc2 Ra7 16. f4 Re8 17. f5 Be5 18. Qd2 Rd7 19. Qg5 f6 20. Qg4 g5 21. h4 h6 22. Qh5 Rh8 23. Bf3 Rf7 24. Rad1 Nd7 25. Ne3 Qc7 26. Nd5 Bh2+ 27. Kf2 Bg3+ 28. Ke2 Qe5 29. Ne3 Qf4 30. Qg6+ Kf8 31. Bh5 Ne5   {Game drawn by mutual agreement} 1/2-1/2